Unix NetHack Version 5.0.0-0 post-release - last build May  4 2026 22:22:43 (774f63e81ad911689b3a0859ea89b322d5daca8d,branch:main).

Game began 2026-05-06 00:36:21, ended 2026-05-06 00:53:22.

BilldaCat, neutral male human Wizard

                                               ------
                                               ...F.-#
                                               |....|##
                                               .....| #
                                               |...<| #   ---------------
                                               ------ ### |.====="====*.|
                                                        # |.====@@=f==*.|
                                                        (#-...*===...=*=|
                                                          |==="m=.======|
                                                          |.====*===="==|
                                                          ---------------

BilldaCat the Thaumaturge  St:4 Dx:16 Co:17 In:17 Wi:13 Ch:9  Neutral
Dlvl:3  $:0  HP:0(47) Pw:45(52) AC:9  Xp:6 T:2025 

Latest messages:
 You bite Wirix.
 Wirix becomes weaker!
 The kitten picks up a topaz ring.
 Wirix zaps a wand of striking!
 Boing!
 You hit Wirix.
 You bite Wirix.
 Wirix hits!
 Wirix hits again!
 Wirix hits!
 Wirix hits again!
 You hit Wirix.
 You bite Wirix.
 Wirix becomes weaker!
 Wirix drinks a swirly potion!
 Wirix looks much better.
 Wirix hits!
 Wirix hits again!
 You see here a pearl ring (for sale, 267 zorkmids).
 The kitten drops a topaz ring.
 You see here a ruby ring (for sale, 356 zorkmids).
 You see here a jade ring (for sale, 356 zorkmids).
 You see here an engagement ring (for sale, 356 zorkmids).
 What do you want to drink? [f-hnruH or ?*] ?
 You feel better.
 You hit Wirix.
 You bite Wirix.
 Wirix hits!
 Wirix hits again!
 Wirix hits!
 Wirix hits again!
 You return to human form!
 You see here a circular amulet (for sale, 356 zorkmids).
 Wirix hits!
 Wirix hits again!
 What do you want to zap? [cz or ?*] ?
 Never mind.
 What do you want to zap? [cz or ?*] c
 In what direction? 4
 The bolt of cold misses Wirix.
 The kitten picks up a gold ring.
 Wirix hits!
 Wirix hits again!
 What do you want to zap? [cz or ?*] c
 In what direction? 4
 The bolt of cold hits Wirix!
 Wirix hits!
 You die...
 Wirix takes all your possessions.
 Do you want to see what you had when you died? [ynq] (y) q

Inventory:
 Weapons  (')')
  a - a blessed +1 quarterstaff (weapon in hands)
 Armor    ('[')
  b - an uncursed +0 cloak of magic resistance (being worn)
 Comestibles  ('%')
  p - a cursed pancake
 Scrolls  ('?')
  C - an uncursed scroll of blank paper
  F - an uncursed scroll of create monster
  D - a blessed scroll of destroy armor
  A - a cursed scroll of enchant armor
  i - an uncursed scroll of enchant weapon
  G - an uncursed scroll of fire
  t - an uncursed scroll of genocide
  I - an uncursed scroll of taming
 Spellbooks  ('+')
  k - a blessed spellbook of force bolt
 Potions  ('!')
  g - an uncursed potion of confusion
  H - an uncursed potion of gain ability
  f - an uncursed potion of invisibility
  h - an uncursed potion of levitation
  r - a cursed potion of sleeping
  u - an uncursed potion of water
 Rings    ('=')
  d - an uncursed ring of conflict
  M - a cursed ring of polymorph (on right hand)
  e - an uncursed ring of polymorph control (on left hand)
 Wands    ('/')
  c - a wand of cold (0:2)
  z - a wand of striking (0:7)
 Tools    ('(')
  m - a magic marker (0:19)
  y - an uncursed tallow candle
 Gems/Stones  ('*')
  v - an uncursed flint stone

BilldaCat the Wizard's attributes:

Background:
 You were a Thaumaturge, a level 6 male human Wizard.
 You were neutral, on a mission for Thoth
 who was opposed by Ptah (lawful) and Anhur (chaotic).
 You were right-handed.
 You were in the Dungeons of Doom, on level 3.
 You entered the dungeon 2025 turns ago.
 It was the midnight hour.
 You had 446 experience points, 194 more were needed to attain level 7.

Basics:
 You had 0 out of 47 hit points.
 You had 45 out of 52 energy points (spell power).
 Your armor class was 9.
 Your wallet was empty.
 Autopickup was on, but temporarily disabled while inside the shop.

Final Characteristics:
 Your strength was 4 (peak:8, limit:18/100).
 Your dexterity was 16 (limit:18).
 Your constitution was 17 (limit:18).
 Your intelligence was 17 (peak:18, limit:18).
 Your wisdom was 13 (limit:18).
 Your charisma was 9 (limit:18).

Final Status:
 You weren't hungry.
 You were unencumbered.
 You were wielding a quarterstaff.
 You had basic skill with quarterstaff.

Final Attributes:
 You were devoutly aligned.
 You were magic-protected.
 You were poison resistant.
 You were warded.
 You were polymorphing periodically.
 You had polymorph control.
 You are dead.

Miscellaneous:
 You didn't encounter any bones levels.
 Total elapsed playing time was 17 minutes and 1 second.

Major events:
 Turn
    1: BilldaCat the neutral male human Wizard entered the dungeon
  647: attained the rank of Conjurer (level 3)
  718: entered the Gnomish Mines
 1162: reached Mine Town
 1255: attained the rank of Thaumaturge (level 6)
 2025: killed by Ms. Wirix; the shopkeeper

Spells:
 Name                 Level Category     Fail Retention
 force bolt             1   attack         0%   81%-90%
 cure blindness         2   healing       40%  76%-100%
 healing                1   healing        0%  76%-100%

Skills:
 Fighting Skills
   bare handed combat [Unskilled]
   riding             [Unskilled]
 Weapon Skills
   dagger             [Unskilled]
   knife              [Unskilled]
   axe                [Unskilled]
   short sword        [Unskilled]
   club               [Unskilled]
   mace               [Unskilled]
   quarterstaff       [Basic]
   polearms           [Unskilled]
   spear              [Unskilled]
   trident            [Unskilled]
   sling              [Unskilled]
   dart               [Unskilled]
   shuriken           [Unskilled]
 Spellcasting Skills
   attack spells      [Basic]
   healing spells     [Unskilled]
   divination spells  [Unskilled]
   enchantment spells [Basic]
   clerical spells    [Unskilled]
   escape spells      [Unskilled]
   matter spells      [Unskilled]

Voluntary challenges:
 Character rerolling was not enabled.
 You never genocided any monsters.
 You never polymorphed an object.
 You used no wishes.
Achievements:
 You entered a shop.
 You attained the rank of Conjurer.
 You entered the Gnomish Mines.
 You entered Minetown.
 You attained the rank of Thaumaturge.
 You entered a temple.

 The Dungeons of Doom: levels 1 to 3
    Level 1:
    Level 2:
       A general store, a fountain.
       Stairs down to The Gnomish Mines.
    Level 3: <- You were here.
       A ring shop.
       Final resting place for
          you, killed by Ms. Wirix; the shopkeeper.
 The Gnomish Mines: levels 3 to 6
    Level 3:
    Level 4:
    Level 5:
    Level 6:
       Some shops, a temple and an altar, some fountains.


Vanquished creatures:
  a pony
  2 gnome leaders
  3 gnomish wizards
  6 dwarves
  a homunculus
  3 rothes
  a giant bat
  a killer bee
 an acid blob
  a gas spore
  6 hobbits
  a large kobold
  a cave spider
 26 gnomes
  a gnome zombie
  a gecko
  a jackal
  2 kobolds
  4 goblins
  3 grid bugs
  a lichen
  a newt
68 creatures vanquished.

No species were genocided or became extinct.

Game over:
                       ----------
                      /          \
                     /    REST    \
                    /      IN      \
                   /     PEACE      \
                  /                  \
                  |    BilldaCat     |
                  |       0 Au       |
                  |  killed by Ms.   |
                  |    Wirix; the    |
                  |    shopkeeper    |
                  |                  |
                  |       2026       |
                 *|     *  *  *      | *
        _________)/\\_//(\/(/\)/\//\/|_)_______

Goodbye BilldaCat the Wizard...

You died in The Dungeons of Doom on dungeon level 3 with 2054 points,
and 0 pieces of gold, after 2025 moves.
You were level 6 with a maximum of 47 hit points when you died.

